 Dungeon Crawl Stone Soup version 0.27-a0-1312-g5cdb2b3542 (webtiles) character file.

Game seed: 2499817235330808880

960 Zdeegee the Digger (level 8, -3/51 HPs)
             Began as an Octopode Earth Elementalist on June 20, 2021.
             Killed by miscasting Lee's Rapid Deconstruction (14 damage)
             ... on level 6 of the Dungeon.
             The game lasted 00:28:53 (8701 turns).

Zdeegee the Digger (Octopode Earth Elementalist)    Turns: 8701, Time: 00:28:55

Health: -3/51      AC:  1    Str:  7    XL:     8   Next: 14%
Magic:  5/14       EV: 13    Int: 20    God:
Gold:   284        SH:  0    Dex: 12    Spells: 0/15 levels left

rFire    . . .     SeeInvis .   a - staff of earth
rCold    . . .     Faith    .   (no shield)
rNeg     . . .     Spirit   .   (helmet restricted)
rPois    .         Reflect  .   (no amulet)
rElec    .         Harm     .   e - ring of flight
rCorr    .         Rampage  .   (no ring)
Will     .....                  (no ring)
Stlth    +++.......             (no ring)
HPRegen  0.17/turn              (no ring)
MPRegen  0.14/turn              (no ring)
                                (no ring)
                                (no ring)

@: flying, very slightly contaminated
A: almost no armour, amphibious, 8 rings, camouflage 1, gelatinous body 1,
(nimble swimmer 1), tentacles
a: no special abilities


You were on level 6 of the Dungeon.
You visited 1 branch of the dungeon, and saw 6 of its levels.

You collected 284 gold pieces.

Inventory:

Hand Weapons
 d - a +0 club
 g - a +0 dagger
Missiles
 b - 60 stones
 m - 45 sling bullets
 y - 5 curare-tipped darts (quivered)
Magical Staves
 a - a staff of earth (weapon)
Jewellery
 e - a ring of flight (left tentacle)
Wands
 c - a wand of paralysis (4)
 q - a wand of acid (9)
Scrolls
 f - a scroll of magic mapping
 j - 3 scrolls of teleportation
 k - a scroll of summoning {unknown}
 n - a scroll of noise {unknown}
 o - 2 scrolls of vulnerability {unknown}
 p - a scroll of fog {unknown}
 r - 2 scrolls of amnesia {unknown}
 v - a scroll of holy word {unknown}
 w - a scroll of identify
 x - a scroll of silence {unknown}
Potions
 h - a potion of attraction
 i - a potion of cancellation
 l - a potion of mutation
 s - a potion of resistance
 t - a potion of degeneration {unknown}
 u - a potion of might {unknown}


   Skills:
 * Level 2.4 Fighting
 + Level 0.8(1.9) Short Blades
 * Level 2.7(2.8) Long Blades
 + Level 0.1 Staves
 * Level 3.2 Dodging
 + Level 3.8 Stealth
 * Level 4.1 Spellcasting
 * Level 3.0 Conjurations
 + Level 1.0 Transmutations
 * Level 2.3 Ice Magic
 * Level 5.2 Earth Magic
 + Level 0.4 Evocations


You couldn't memorise any spells.
You knew the following spells:

 Your Spells              Type           Power      Damage    Failure   Level
a - Sandblast             Erth           74%        2d16      1%          1
b - Stone Arrow           Conj/Erth      60%        3d10      7%          3
c - Passwall              Tmut/Erth      20%        N/A       5%          2
d - Petrify               Tmut/Erth      24%        N/A       34%         4
e - Lee's Rapid Deconstr  Erth           18%        3d12*     38%         5

Your spell library contained the following spells:

 Spells                   Type           Power      Damage    Failure   Level
 Animate Skeleton         Necr           8%         N/A       13%         1
 Apportation              Tloc           8%         N/A       13%         1
 Corona                   Hex            4%         N/A       13%         1
 Pain                     Necr           16%        1d4       13%         1
 Summon Small Mammal      Summ           16%        N/A       13%         1
 Call Imp                 Summ           4%         N/A       19%         2
 Call Canine Familiar     Summ           4%         N/A       36%         3
 Summon Guardian Golem    Hex/Summ       4%         N/A       36%         3
 Vampiric Draining        Necr           2%         2d6       36%         3
 Leda's Liquefaction      Hex/Erth       10%        N/A       41%         4
 Summon Ice Beast         Ice/Summ       8%         N/A       61%         4
 Animate Dead             Necr           2%         N/A       77%         4
 Summon Lightning Spire   Summ/Air       4%         N/A       77%         4
 Agony                    Necr           4%         N/A       98%         5
 Silence                  Hex/Air        2%         N/A       98%         5
 Summon Mana Viper        Hex/Summ       4%         N/A       98%         5
 Invisibility             Hex            2%         N/A       100%        6


Dungeon Overview and Level Annotations

Branches:
Dungeon (6/15)
 Temple: D:4-7

Altars:
Makhleb
Nemelex Xobeh
Qazlal

Shops:
D:2 !(

Annotations:
D:1 Sigmund
D:6 Edmund


Innate Abilities, Weirdness & Mutations

You cannot wear most types of armour.
You are amphibious.
You can wear up to eight rings at the same time.
Your skin changes colour to match your surroundings (Stealth+).
Your rubbery body absorbs attacks. (AC +1, EV +1)
((You are camouflaged near water. (Stealth+)))
You have tentacles for arms and can constrict up to eight enemies at once.


Message History

You feel better.
Edmund hits you with a +7 flail of protection!
* * * LOW HITPOINT WARNING * * *
Edmund says, "You wouldn't believe how much I paid for this flail."
Edmund says, "People will remember me!
They'll remember me and die!"
Casting: Sandblast (safe; 1% risk of failure)
Confirm with . or Enter, or press ? or * to list all spells.
Okay, then.
Casting: Sandblast (safe; 1% risk of failure)
Confirm with . or Enter, or press ? or * to list all spells.
Aiming: Petrify (quite dangerous; 34% risk of failure)
Press: ? - help, Shift-Dir - straight line, f/p - Edmund
Aim: Edmund, wielding a +7 flail of protection and wearing a +0 scale mail (severely wounded, chance to affect: 53%)
Okay, then.
Unknown command.
Edmund grinds his teeth, and then sighs.
Edmund says, "People think my brother is the best.
I think he's crazy."
Edmund says, "You wouldn't believe how much I paid for this flail."
Edmund says, "People accused me of being a cutpurse!"
Edmund says, "I might not be good at magic, but I can still kill you!"
Edmund says, "I might not be good at magic, but I can still kill you!"
Casting: Petrify (quite dangerous; 34% risk of failure)
Confirm with . or Enter, or press ? or * to list all spells.
Aiming: Petrify (quite dangerous; 34% risk of failure)
Press: ? - help, Shift-Dir - straight line, f/p - Edmund
Aim: Edmund, wielding a +7 flail of protection and wearing a +0 scale mail (heavily wounded, chance to affect: 53%)
You feel a surge of power!
Edmund is moving more slowly.
Edmund says, "People accused me of being a cutpurse!"
Edmund hits you with a +7 flail of protection!
* * * LOW HITPOINT WARNING * * *
Edmund stops moving altogether!
Casting: Petrify (quite dangerous; 34% risk of failure)
Confirm with . or Enter, or press ? or * to list all spells.
Aiming: Lee's Rapid Deconstruction (extremely dangerous; 38% risk of failure)
Press: ? - help, Dir - move target, f/p - Edmund Fragment what (e.g. wall or brittle monster)?: Edmund, wielding a +7 flail of protection and wearing a +0 scale mail (heavily wounded, petrified)
You feel a surge of power!
You miscast Lee's Rapid Deconstruction.
You are very lightly contaminated with residual magic.
Rocks fall onto you out of nowhere.
You die...

#.# #.....##.# #.#
#.#.#.# #.# #.#.#.#
#.# #.....# #.#
#..#..# #@# #....## #
#.# ##.....##.# #.###
##.......#.# #(@.#
#..........# ###.#
#...)......# #.#
#...........
##.#####.......###
#.....###.....####
#......##.............
#.###.#######.#.#.####
#. ##.#.#.# #.
#####....#.###.


You could see Edmund (petrified).

Vanquished Creatures
  Menkaure (D:5)
  A centaur (D:6)
  A phantom (D:4)
  A scorpion (D:5)
  A howler monkey (D:5)
  A hound (D:3)
  3 orc priests
  Jessica (D:3)
  3 orc wizards
  4 iguanas
  10 gnolls
  5 adders
  2 ufetubi
  An adder zombie (D:5)
  2 adder skeletons
  A worm (D:3)
  3 dart slugs
  13 orcs
  7 endoplasms
  4 giant cockroaches
  6 goblins
  6 hobgoblins
  10 jackals
  3 quokkas
  6 ball pythons
  6 bats
  7 frilled lizards
  5 kobolds
  5 rats
119 creatures vanquished.

Notes
Turn   | Place    | Note
-------+----------+-------------------------------------------
     0 | D:1      | Zdeegee the Octopode Earth Elementalist began the quest for
                  | the Orb.
     0 | D:1      | Reached XP level 1. HP: 11/11 MP: 3/3
   140 | D:1      | Reached XP level 2. HP: 17/17 MP: 1/5
   966 | D:1      | Reached XP level 3. HP: 8/21 MP: 4/6
  1549 | D:2      | Reached skill level 1 in Ice Magic
  1727 | D:2      | Found Cajibeam's Weapon Shop.
  1859 | D:2      | Noticed Sigmund
  2782 | D:2      | Reached XP level 4. HP: 27/27 MP: 7/7
  2863 | D:2      | Learned a level 3 spell: Stone Arrow
  2866 | D:2      | Learned a level 2 spell: Passwall
  3223 | D:2      | Found Causil's Distillery.
  3934 | D:3      | Found a stormy altar of Qazlal.
  3978 | D:3      | Noticed Jessica
  3984 | D:3      | Killed Jessica
  3985 | D:3      | Reached skill level 1 in Long Blades
  3985 | D:3      | Reached XP level 5. HP: 32/32 MP: 8/8
  4956 | D:3      | Reached skill level 1 in Conjurations
  5344 | D:4      | Reached skill level 1 in Fighting
  5344 | D:4      | Reached skill level 4 in Earth Magic
  5344 | D:4      | Reached XP level 6. HP: 20/38 MP: 10/10
  5354 | D:4      | Learned a level 4 spell: Petrify
  6467 | D:4      | Reached XP level 7. HP: 34/43 MP: 0/11
  7091 | D:5      | Entered Level 5 of the Dungeon
  7442 | D:5      | Noticed Menkaure
  7449 | D:5      | Killed Menkaure
  7616 | D:5      | Reached skill level 5 in Earth Magic
  7705 | D:5      | Identified the Papyrus of Malediction
  7708 | D:5      | Found a large runed translucent door.
  7710 | D:5      | Found a large runed translucent door.
  8009 | D:5      | Reached XP level 8. HP: 50/50 MP: 6/14
  8021 | D:5      | Learned a level 5 spell: Lee's Rapid Deconstruction
  8216 | D:5      | Found a burning altar of Makhleb.
  8262 | D:5      | Found a sparkling altar of Nemelex Xobeh.
  8569 | D:6      | Noticed Edmund
  8600 | D:6      | HP: 1/51 [Edmund (10)]
  8701 | D:6      | Killed by miscasting Lee's Rapid Deconstruction

Illustrated notes

Levels and vault maps discovered:
D:1:      dpeg_cavernosity, layout_basic, minmay_misc_feat_columns
D:2:      layout_loops_corners, serial_shops, nicolae_shop_stone, shop,
          minmay_misc_feat_alley, uniq_sigmund
D:3:      layout_basic, nicolae_qazlal_general_emergency, st_stairs_9,
          uniq_jessica
D:4:      layout_cave_pools
D:5:      layout_rooms, jmf_multi_god_temple2, uniq_menkaure
D:6:      layout_loops_ring, uniq_edmund

Skill      XL: |  1  2  3  4  5  6  7  8 |
---------------+-------------------------+-----
Stealth        | 3 |  3.8
Ice Magic      | 1 2 |  2.3
Long Blades    | 1 2 |  2.7
Conjurations   | 1 2 3 |  3.0
Fighting       | 1 2 |  2.4
Earth Magic    | 4 5 |  5.2
Spellcasting   | 3 4 |  4.1
Dodging        | 3 |  3.2
Short Blades   | |  0.8
Staves         | |  0.1
Transmutations | |  1.0
Evocations     | |  0.4

Action                   |  1- 3 |  4- 6 |  7- 9 || total
-------------------------+-------+-------+-------++-------
Melee: Dagger            |    72 |    42 |       ||   114
       Constrict         |    16 |     8 |     2 ||    26
       Tentacles         |     9 |     4 |     2 ||    15
       Staff             |       |     7 |     6 ||    13
Throw: Dart              |       |       |     2 ||     2
 Cast: Sandblast         |    16 |    37 |    10 ||    63
       Stone Arrow       |       |    34 |    33 ||    67
       Petrify           |       |       |     1 ||     1
  Use: Scroll            |     2 |     5 |       ||     7
       Potion            |       |     2 |     1 ||     3
 Stab: Sleeping          |     9 |     7 |       ||    16
Armor: Skin              |     5 |     2 |       ||     7
Dodge: Dodged            |    62 |    50 |    12 ||   124

Table legend: (Time is in decaauts)
 A = Elapsed time spent in this place.
 B = Non-inter-level travel time spent in this place.
 C = Inter-level travel time spent in this place.
 D = Time resting spent in this place.
 E = Time spent auto-exploring this place.
 F = Levels seen in this place.
 G = Mean time per level.
                   A        B        C        D        E       F      G
               +--------+--------+--------+--------+--------+-----+--------+
         Total |   8708 |   8379 |    329 |   1540 |   5590 |   6 | 1451.3 |
       Dungeon |   8708 |   8379 |    329 |   1540 |   5590 |   6 | 1451.3 |
               +--------+--------+--------+--------+--------+-----+--------+

Top non-repeatable levels by time:
     D:1: 2302 daAuts
     D:3: 1985 daAuts
     D:2: 1698 daAuts
     D:5: 1224 daAuts
     D:4: 1110 daAuts
     D:6: 386 daAuts
